[Event "Titled Tuesday Blitz July 25 Early 2023"]
[White "Bok, Benjamin"]
[Black "Dvirnyy, Danyyil"]
[WhiteFideId "1017063"]
[BlackFideId "817570"]
[WhiteElo "2960"]
[BlackElo "2772"]
[Result "1-0"]
[Round "10"]
[TimeControl "180+2"]
[Date "2023.07.25"]
[WhiteClock "0:00:03"]
[BlackClock "0:00:00"]
[Board "18"]

1. d4 d6 2. Nf3 Nf6 3. c4 g6 4. g3 Bg7 5. Bg2 O-O 6. Nc3 c5 7. O-O Nc6 8. dxc5 dxc5 9. Bf4 Nh5 10. Be3 Bxc3 11. bxc3 b6 12. Ne5 Nxe5 13. Bxa8 Bh3 14. Qxd8 Rxd8 15. Bg2 Bxg2 16. Kxg2 Nxc4 17. Rad1 Rd6 18. Rxd6 exd6 19. Rd1 Kf8 20. Bg5 Ke8 21. g4 Ng7 22. Rd3 Ne6 23. Bc1 Ne5 24. Rh3 Nxg4 25. Rxh7 a5 26. Rh8+ Kd7 27. f4 Nf6 28. Kf3 d5 29. e3 Ng7 30. Rf8 Ke7 31. Rb8 Nd7 32. Ra8 f5 33. Ra7 Ne8 34. Bb2 Nd6 35. Ra8 Nc4 36. Bc1 Nd6 37. h4 Ne4 38. Bb2 Nd2+ 39. Ke2 Nc4 40. Bc1 Nd6 41. Rg8 Kf7 42. Rd8 Ke7 43. Ra8 Ne4 44. Bb2 Nd6 45. Rh8 Nc4 46. Bc1 Nf6 47. Rb8 Ne4 48. Kd3 Nf2+ 49. Kc2 Ne4 50. Rb7+ Kf6 51. Rd7 Ke6 52. Rd8 Nf6 53. Rb8 Nd7 54. Rg8 Kf7 55. Rh8 Nf6 56. a4 Ke6 57. Rf8 Ke7 58. Ra8 Kf7 59. Ra7+ Ke6 60. Rg7 Nh5 61. Rxg6+ Nf6 62. h5 Kf7 63. Rg5 Nd6 64. h6 Kf8 65. Rg6 Kf7 66. Rg7+ Kf8 67. Ra7 Kg8 68. Rg7+ Kh8 69. Rg6 Nde8 70. Bd2 Kh7 71. Rg5 Nd6 72. Be1 Kxh6 73. Bh4 Nfe4 74. Rg8 Kh5 75. Be7 Nc4 76. Kd3 Nb2+ 77. Kc2 Nxa4 78. Rf8 Kg4 79. Bd8 b5 80. Bxa5 b4 81. cxb4 cxb4 82. Bxb4 Nb6 83. Bc3 Nc4 84. Bd4 Kf3 85. Rh8 Nxe3+ 86. Kd3 Ng2 87. Rh3+ Kg4 88. Rh8 Nxf4+ 89. Ke3 Ne6 90. Be5 f4+ 91. Kd3 Kf5 92. Bb8 Nf2+ 93. Ke2 Ng4 94. Rh5+ Ke4 95. Rh4 f3+ 96. Ke1 Kf5 97. Rh5+ Ng5 98. Bc7 d4 99. Bd8 f2+ 100. Kf1 Nf6 101. Bxf6 Kxf6 102. Kxf2 Kg6 103. Rh8 Kf5 104. Ke2 Ke4 105. Rh4+ Ke5 106. Rh5 Kf4 107. Kd3 Nf3 108. Rh8 Ke5 109. Re8+ Kd5 110. Rd8+ Kc5 111. Re8 Kd5 112. Rd8+ Kc5 113. Rh8 Kd5 114. Rh5+ Ne5+ 115. Kd2 Ke4 116. Rh4+ Kd5 117. Ke2 Ke6 118. Rh8 Kd5 119. Ra8 Ke4 120. Re8 Kd5 121. Rh8 Ke4 122. Rh4+ Kd5 123. Rf4 Kc5 124. Kd2 Kd5 125. Rf8 Nc4+ 126. Kd1 Ke4 127. Ke2 d3+ 128. Kd1 Ne3+ 129. Kd2 Nc4+ 130. Kc3 Ne5 131. Re8 Kd5 132. Re7 Kd6 133. Ra7 Kd5 134. Ra4 Ke6 135. Rd4 Kf5 136. Kb3 Ke6 137. Kb2 Kf5 138. Kc3 Ke6 139. Rf4 Kd5 140. Rh4 Ke6 141. Rd4 Kf5 142. Ra4 Ke6 143. Ra5 Kd6 144. Rb5 Ke6 145. Rb8 Kd5 146. Rb4 Ke6 147. Rb5 Kd6 148. Kd4 d2 149. Rb1 Ke6 150. Rd1 Kf5 151. Kc3 Nf3 152. Kd3 Kf4 153. Ke2 Ke4 154. Ra1 1-0


[Site "https://www.chess.com"]

[Event "Titled Tuesday Blitz July 25 Early 2023"]
[White "Hovhannisyan, Robert"]
[Black "Morefield, Jason"]
[WhiteFideId "13302507"]
[BlackFideId "30920825"]
[WhiteElo "2953"]
[BlackElo "2757"]
[Result "1-0"]
[Round "10"]
[TimeControl "180+2"]
[Date "2023.07.25"]
[WhiteClock "0:00:07"]
[BlackClock "0:00:01"]
[Board "19"]

1. e4 e5 2. Nf3 Nc6 3. Nc3 Nf6 4. d4 exd4 5. Nxd4 Bb4 6. Nxc6 bxc6 7. Bd3 O-O 8. O-O d5 9. exd5 Bg4 10. f3 Bh5 11. Bg5 Bxc3 12. bxc3 cxd5 13. c4 c6 14. cxd5 cxd5 15. Qd2 h6 16. Bh4 Qb6+ 17. Bf2 Qc6 18. Bd4 Bg6 19. Bxf6 Qxf6 20. Bxg6 Qxg6 21. Qxd5 Qxc2 22. Rac1 Qb2 23. Rb1 Qa3 24. Rfd1 Rab8 25. h4 Qe3+ 26. Kh2 Qf4+ 27. g3 Qe3 28. Kh3 Rxb1 29. Rxb1 Re8 30. Rb7 Re6 31. Rb8+ Re8 32. Rb7 Re6 33. Qf5 Re7 34. Rb8+ Re8 35. Qf4 Qe6+ 36. g4 a6 37. a4 Rxb8 38. Qxb8+ Kh7 39. Qb1+ g6 40. h5 Qd5 41. hxg6+ fxg6 42. Kg2 Qd2+ 43. Kg3 Qd6+ 44. f4 Qc6 45. Qb3 Kg7 46. a5 g5 47. f5 Qd6+ 48. Kf3 Qc6+ 49. Ke3 Qc5+ 50. Ke4 Qxa5 51. Qb7+ Kf8 52. Qb8+ Ke7 53. Qb7+ Kd8 54. Qb8+ Kd7 55. Qa7+ Qc7 56. Qxa6 Qf4+ 57. Kd5 Qxg4 58. Qa7+ Kc8 59. Qa8+ Kc7 60. Qc6+ Kd8 61. Qd6+ Kc8 62. Qe6+ Kd8 63. Qf6+ Ke8 64. Qg6+ Kd8 65. Qg8+ Kd7 66. Qf7+ Kd8 67. Qf8+ Kd7 68. Qd6+ Ke8 69. Qc6+ Kd8 70. Qb6+ Ke8 71. Qb8+ Ke7 72. Qc7+ Kf6 73. Qe5+ Kf7 74. Qe6+ Kf8 75. Qxh6+ Ke8 76. Qe6+ Kf8 77. Qc8+ Kf7 78. Qd7+ Kf8 79. Ke6 Qe2+ 80. Kf6 Qb2+ 81. Kg6 Qe5 82. Qc8+ Qe8+ 83. Qxe8+ Kxe8 84. Kg7 g4 85. f6 g3 86. f7+ 1-0


[Site "https://www.chess.com"]

[Event "Titled Tuesday Blitz July 25 Early 2023"]
[White "Mahdavi, Reza"]
[Black "Harsh Suresh"]
[WhiteFideId "12595926"]
[BlackFideId "45018464"]
[WhiteElo "2749"]
[BlackElo "2845"]
[Result "0-1"]
[Round "10"]
[TimeControl "180+2"]
[Date "2023.07.25"]
[WhiteClock "0:00:00"]
[BlackClock "0:00:08"]
[Board "20"]

1. e4 c5 2. Nf3 g6 3. c3 Bg7 4. d4 cxd4 5. cxd4 d5 6. e5 Bg4 7. Bb5+ Nd7 8. O-O e6 9. Nbd2 Ne7 10. h3 Bxf3 11. Nxf3 O-O 12. Bg5 h6 13. Bh4 a6 14. Bd3 Re8 15. Rc1 Qb6 16. Qd2 Nc6 17. Bb1 Rac8 18. Rfd1 Rc7 19. Bg3 Rec8 20. Bf4 h5 21. Kh2 Qb4 22. Rc3 Bf8 23. Rdc1 Qa5 24. a3 Nb6 25. Bd3 Na4 26. b4 Qb6 27. R3c2 Nb8 28. Rxc7 Rxc7 29. Rc2 Rxc2 30. Qxc2 Qc6 31. Bxg6 Qxc2 32. Bxc2 Nc3 33. Ng5 Nb5 34. Be3 Nc6 35. Bd1 Be7 36. Nf3 Nxa3 37. Ne1 Bxb4 38. Nd3 h4 39. Bh5 Be7 40. g3 hxg3+ 41. Kxg3 Nc2 42. h4 N2xd4 43. Bg4 a5 44. h5 a4 45. h6 a3 46. Bc1 a2 47. Bb2 Nb3 48. Bh5 a1=Q 49. Bxa1 Nxa1 50. Nf4 Nxe5 51. Ne2 Nb3 52. f4 Ng6 53. f5 exf5 54. Nc3 Bd6+ 55. Kf2 Nf4 56. Bf3 d4 0-1


[Site "https://www.chess.com"]

[Event "Titled Tuesday Blitz July 25 Early 2023"]
[White "Leon Oquendo, Jorge"]
[Black "Kaasen, Tor Fredrik"]
[WhiteFideId "3514803"]
[BlackFideId "1516647"]
[WhiteElo "2736"]
[BlackElo "2823"]
[Result "0-1"]
[Round "10"]
[TimeControl "180+2"]
[Date "2023.07.25"]
[WhiteClock "0:00:00"]
[BlackClock "0:00:30"]
[Board "21"]

1. d4 Nf6 2. c4 g6 3. Nc3 Bg7 4. e4 d6 5. Be2 e5 6. d5 a5 7. g4 Na6 8. g5 Nd7 9. h4 h5 10. Be3 Ndc5 11. Nf3 Bg4 12. Kf1 O-O 13. Nd2 Bd7 14. Kg1 f6 15. gxf6 Qxf6 16. Nf3 Nb4 17. Ng5 a4 18. a3 Nba6 19. Rh2 Nb3 20. Rb1 Nd4 21. Nb5 Bxb5 22. cxb5 Nc5 23. Bf1 Bh6 24. Rg2 Bxg5 25. hxg5 Qf3 26. Bxd4 exd4 27. Qxd4 Rae8 28. Re1 Rxe4 29. Rxe4 Nxe4 30. Qd3 Qf4 31. Qd4 Nxg5 32. Qxf4 Nh3+ 33. Kh2 Nxf4 34. Rg3 Kg7 35. Bc4 Re8 36. Rf3 g5 37. Kg3 Kf6 38. Rc3 Re1 39. f3 Rg1+ 40. Kf2 Rg2+ 41. Kf1 Rxb2 42. Rc1 h4 0-1


[Site "https://www.chess.com"]

[Event "Titled Tuesday Blitz July 25 Early 2023"]
[White "Fiorito, Joaquin"]
[Black "Attacker_2006"]
[WhiteFideId "180173"]
[WhiteElo "2795"]
[BlackElo "2498"]
[Result "1-0"]
[Round "10"]
[TimeControl "180+2"]
[Date "2023.07.25"]
[WhiteClock "0:01:59"]
[BlackClock "0:00:58"]
[Board "22"]

1. d4 Nf6 2. Nc3 d5 3. Bf4 c5 4. e4 Nxe4 5. Bb5+ Bd7 6. Nxd5 Nd6 7. Bxd6 exd6 8. Qe2+ Be7 9. Bxd7+ Qxd7 10. O-O-O cxd4 11. Nf3 Nc6 12. Nxd4 Kd8 13. Qf3 Ne5 14. Qg3 g5 15. Rhe1 Rc8 16. Nxe7 Kxe7 17. Rxe5+ dxe5 18. Qxe5+ Kd8 19. Qxh8+ Kc7 20. Qe5+ Kb6 21. Nb3 Qb5 22. Rd6+ Rc6 23. Qxb5+ Kxb5 24. Nd4+ Kc5 25. Rxc6+ bxc6 26. Nf3 f6 27. Kd2 Kd5 28. Kd3 h5 29. c4+ Ke6 30. Kd4 Kf5 31. b4 Kf4 32. Ne1 h4 33. Nd3+ Kg4 34. h3+ Kf5 35. b5 cxb5 36. cxb5 g4 37. a4 Kg5 38. a5 f5 39. Ke5 g3 40. f4+ Kg6 41. b6 1-0


[Site "https://www.chess.com"]

[Event "Titled Tuesday Blitz July 25 Early 2023"]
[White "Nasuta, Grzegorz"]
[Black "Kosteniuk, Alexandra"]
[WhiteFideId "1141686"]
[BlackFideId "4128125"]
[WhiteElo "2718"]
[BlackElo "2786"]
[Result "0-1"]
[Round "10"]
[TimeControl "180+2"]
[Date "2023.07.25"]
[WhiteClock "0:00:00"]
[BlackClock "0:00:09"]
[Board "23"]

1. e4 c6 2. d4 d5 3. e5 c5 4. dxc5 e6 5. a3 Bxc5 6. Nf3 Nh6 7. Bd3 Ng4 8. O-O Nc6 9. b4 Bb6 10. Bb2 Qc7 11. Qe2 f6 12. c4 dxc4 13. Bxc4 O-O 14. Nbd2 Ncxe5 15. Nxe5 Nxe5 16. Bb3 Qf7 17. Bxe5 fxe5 18. Nc4 Bd4 19. Rae1 Bc3 20. Rc1 Bd4 21. Nxe5 Qf6 22. Nf3 Bb2 23. Rc7 Bxa3 24. Rxc8 Raxc8 25. Bxe6+ Kh8 26. Bxc8 Rxc8 27. Qb5 Qc6 28. Qf5 Bb2 29. Ng5 Qc2 30. Qe6 Qc4 31. Qd7 Rf8 32. Qxb7 Bd4 33. Nf3 Bb6 34. Qd7 h6 35. Qe6 Qxe6 0-1


[Site "https://www.chess.com"]

[Event "Titled Tuesday Blitz July 25 Early 2023"]
[White "Cherniaiev, Tykhon"]
[Black "Bortnyk, Olexandr"]
[WhiteFideId "14182360"]
[BlackFideId "14120828"]
[WhiteElo "2733"]
[BlackElo "3028"]
[Result "1-0"]
[Round "10"]
[TimeControl "180+2"]
[Date "2023.07.25"]
[WhiteClock "0:00:37"]
[BlackClock "0:00:00"]
[Board "24"]

1. Nf3 a6 2. a4 b6 3. g3 Bb7 4. Bg2 e5 5. d3 Nf6 6. O-O d6 7. c4 g6 8. Nc3 Bg7 9. Qc2 Nc6 10. Bg5 h6 11. Bxf6 Bxf6 12. Qc1 Bg7 13. Nd2 O-O 14. b4 Qc8 15. Rb1 f5 16. Nd5 Rf7 17. Nb3 Kh8 18. a5 bxa5 19. Nxa5 Nxa5 20. bxa5 Ra7 21. c5 Qa8 22. c6 Bxc6 23. Nb6 cxb6 24. Bxc6 Qb8 25. axb6 Rae7 26. Qc4 e4 27. dxe4 f4 28. Qxa6 Rf8 29. Bd5 Bd4 30. gxf4 Kh7 31. e3 Bc5 32. Kh1 Qe8 33. Rg1 g5 34. b7 Qh5 35. e5 Rb8 36. exd6 gxf4 37. Qd3+ Kh8 38. dxe7 f3 39. Bg8 1-0


[Site "https://www.chess.com"]

[Event "Titled Tuesday Blitz July 25 Early 2023"]
[White "Williams, Simon K"]
[Black "Shimanov, Aleksandr"]
[WhiteFideId "404454"]
[BlackFideId "4198603"]
[WhiteElo "2727"]
[BlackElo "2990"]
[Result "0-1"]
[Round "10"]
[TimeControl "180+2"]
[Date "2023.07.25"]
[WhiteClock "0:00:00"]
[BlackClock "0:00:04"]
[Board "25"]

1. d4 d5 2. c4 c6 3. cxd5 cxd5 4. Nc3 Nf6 5. f3 Nc6 6. e4 e6 7. e5 Ng8 8. f4 Nh6 9. Nf3 Be7 10. Bd3 Nf5 11. Bxf5 exf5 12. O-O Be6 13. Be3 h6 14. Qd2 Rc8 15. Rac1 O-O 16. Ne2 Qb6 17. h3 Na5 18. b3 Ba3 19. Rxc8 Rxc8 20. Nh4 Be7 21. Qe1 Rc2 22. Nf3 Rxa2 23. g4 Qxb3 24. Nc1 Qa3 25. Nxa2 Qxa2 26. g5 h5 27. Rf2 Qa3 28. g6 fxg6 29. Rg2 Nc4 30. Re2 b5 31. Qf2 b4 32. Qg3 Nxe3 33. Qxg6 Bf7 34. Qc6 Nc4 35. e6 Bg6 36. Ne5 Nxe5 37. fxe5 Qa1+ 38. Kh2 Qxd4 39. Qd7 Qc5 40. Rg2 Kh7 0-1


[Site "https://www.chess.com"]

[Event "Titled Tuesday Blitz July 25 Early 2023"]
[White "Pranav, V"]
[Black "Amilal Munkhdalai"]
[WhiteFideId "25060783"]
[BlackFideId "4903250"]
[WhiteElo "2987"]
[BlackElo "2726"]
[Result "1-0"]
[Round "10"]
[TimeControl "180+2"]
[Date "2023.07.25"]
[WhiteClock "0:03:00"]
[BlackClock "0:02:29"]
[Board "26"]

1. e4 c5 2. Nf3 Nc6 3. Bb5 e6 4. Bxc6 bxc6 5. d3 f6 6. O-O e5 7. c3 Ba6 8. Re1 d6 9. d4 cxd4 10. cxd4 Ne7 11. Nc3 Ng6 12. Be3 Be7 13. Qa4 Bb7 14. Rad1 O-O 15. Qb3+ Rf7 16. Qxb7 1-0


[Site "https://www.chess.com"]

[Event "Titled Tuesday Blitz July 25 Early 2023"]
[White "Ibarra Jerez, Jose Carlos"]
[Black "Mayank Chakraborty"]
[WhiteFideId "2226332"]
[BlackFideId "25659766"]
[WhiteElo "2920"]
[BlackElo "2720"]
[Result "1-0"]
[Round "10"]
[TimeControl "180+2"]
[Date "2023.07.25"]
[WhiteClock "0:00:16"]
[BlackClock "0:00:00"]
[Board "27"]

1. e4 e6 2. d4 d5 3. Nc3 Bb4 4. Ne2 dxe4 5. a3 Bxc3+ 6. Nxc3 Nc6 7. d5 exd5 8. Qxd5 Be6 9. Qxe4 Nf6 10. Qh4 Qe7 11. Be2 O-O-O 12. Be3 Nd5 13. Qxe7 Ndxe7 14. Rd1 Bf5 15. Rd2 Rxd2 16. Kxd2 Rd8+ 17. Kc1 Nd4 18. Bd1 Nec6 19. Re1 f6 20. f4 h5 21. h3 h4 22. Bf2 Ne6 23. Bxh4 Nxf4 24. Rf1 Nxg2 25. Bxf6 gxf6 26. Rxf5 Ne3 27. Rxf6 Rh8 28. Rf3 Nxd1 29. Nxd1 Nd4 30. Rd3 c5 31. Nf2 Rf8 32. Ne4 b6 33. c3 Rf1+ 34. Rd1 Nb3+ 35. Kc2 Na1+ 36. Kd2 Nb3+ 37. Ke2 Rf4 38. Ke3 Rh4 39. Rh1 Na5 40. Nd2 Nc6 41. Nf3 Rh8 42. h4 Re8+ 43. Kf2 Rf8 44. Kg3 Rg8+ 45. Ng5 Ne5 46. Rh2 Kd7 47. Re2 Nd3 48. Kg4 c4 49. h5 Rh8 50. Nf7 Rg8+ 51. Kf5 Rg1 52. Ne5+ Nxe5 53. Rxe5 Rh1 54. Kg6 Rh2 55. h6 Kd6 56. Rh5 Rg2+ 57. Kf7 Rf2+ 58. Kg6 Rg2+ 59. Rg5 Rh2 60. h7 1-0


[Site "https://www.chess.com"]

[Event "Titled Tuesday Blitz July 25 Early 2023"]
[White "Galchenko, Matvey"]
[Black "Marek, Matyas"]
[WhiteFideId "24175480"]
[BlackFideId "335398"]
[WhiteElo "2892"]
[BlackElo "2711"]
[Result "1-0"]
[Round "10"]
[TimeControl "180+2"]
[Date "2023.07.25"]
[WhiteClock "0:02:24"]
[BlackClock "0:01:55"]
[Board "28"]

1. f4 Nf6 2. Nf3 g6 3. g3 Bg7 4. Bg2 O-O 5. O-O d5 6. d3 c5 7. Nc3 Nc6 8. e4 dxe4 9. dxe4 Nd4 10. e5 Nxf3+ 11. Qxf3 Nd7 12. Be3 e6 13. Rad1 Qc7 14. Rd2 a6 15. Rfd1 Nb6 16. b3 Bd7 17. Qxb7 Rfc8 18. Qxc7 1-0


[Site "https://www.chess.com"]

[Event "Titled Tuesday Blitz July 25 Early 2023"]
[White "Koshulyan, Egor A."]
[Black "Kushagra Mohan"]
[WhiteFideId "24237000"]
[BlackFideId "25033638"]
[WhiteElo "2708"]
[BlackElo "2851"]
[Result "0-1"]
[Round "10"]
[TimeControl "180+2"]
[Date "2023.07.25"]
[WhiteClock "0:00:14"]
[BlackClock "0:01:24"]
[Board "29"]

1. e4 e5 2. Nf3 Nc6 3. Bb5 a6 4. Ba4 Nf6 5. O-O Nxe4 6. d4 b5 7. Bb3 d5 8. dxe5 Be6 9. c3 Bc5 10. Nbd2 O-O 11. Bc2 Nxf2 12. Rxf2 f6 13. exf6 Qxf6 14. Nb3 Bxf2+ 15. Kxf2 Ne5 16. Kg1 Nxf3+ 17. Qxf3 Qxf3 18. gxf3 Bh3 19. Kf2 Rae8 20. Nc5 Rf7 21. Bd2 Bg4 22. Bd1 Bxf3 23. Bxf3 Ref8 24. Rg1 Rxf3+ 25. Ke2 Rf2+ 26. Kd1 Rxh2 27. Ne6 Rff2 28. Rxg7+ Kh8 29. Be1 Rxb2 30. Kc1 Rxa2 31. Kb1 Rhb2+ 32. Kc1 Re2 33. Re7 Rxe1# 0-1


[Site "https://www.chess.com"]

[Event "Titled Tuesday Blitz July 25 Early 2023"]
[White "Ilamparthi A R"]
[Black "Djokic, Mihailo"]
[WhiteFideId "45015775"]
[BlackFideId "976440"]
[WhiteElo "2849"]
[BlackElo "2700"]
[Result "1-0"]
[Round "10"]
[TimeControl "180+2"]
[Date "2023.07.25"]
[WhiteClock "0:01:39"]
[BlackClock "0:02:06"]
[Board "30"]

1. e4 c5 2. Nf3 d6 3. g3 Nc6 4. Bg2 g6 5. O-O Bg7 6. Re1 Nf6 7. d3 O-O 8. c3 e5 9. a3 Re8 10. b4 b6 11. Bb2 Bb7 12. b5 Ne7 13. Nbd2 a5 14. d4 Nd7 15. Nc4 Qc7 16. dxe5 dxe5 17. Nd6 Red8 18. Ng5 Nf6 19. Ngxf7 Kf8 20. c4 Ne8 21. Qf3 Kg8 22. Nxd8 Nxd6 23. Ne6 Qd7 24. Nxg7 Nxc4 25. Rad1 Qc8 26. Qf6 Qf8 27. Qe6+ Qf7 28. Qxf7+ Kxf7 29. Bc3 Kxg7 30. Rd7 1-0


[Site "https://www.chess.com"]

[Event "Titled Tuesday Blitz July 25 Early 2023"]
[White "Nagy, Gabor"]
[Black "Oleksiyenko, Mykhaylo"]
[WhiteFideId "737119"]
[BlackFideId "4152417"]
[WhiteElo "2787"]
[BlackElo "2692"]
[Result "1/2-1/2"]
[Round "10"]
[TimeControl "180+2"]
[Date "2023.07.25"]
[WhiteClock "0:00:46"]
[BlackClock "0:00:15"]
[Board "31"]

1. d4 d5 2. Nc3 Nf6 3. Bf4 e6 4. Nb5 Bb4+ 5. c3 Ba5 6. e3 a6 7. Na3 c6 8. Nf3 Bc7 9. Bd3 Nbd7 10. O-O c5 11. c4 Bxf4 12. exf4 O-O 13. Rc1 dxc4 14. Nxc4 b5 15. Nce5 c4 16. Bb1 Bb7 17. Re1 Rc8 18. Ng5 h6 19. Ngf3 Nb6 20. f5 exf5 21. Bxf5 Rc7 22. b3 cxb3 23. Rxc7 Qxc7 24. axb3 Rd8 25. h3 Nbd5 26. Qd2 Qc3 27. Rc1 Qxd2 28. Nxd2 g6 29. Be4 Nf4 30. Re1 Nxe4 31. Nxe4 Bxe4 32. Rxe4 Rxd4 33. Re3 a5 34. Kh2 Nd5 35. Rf3 Rf4 36. Rd3 Nb4 37. Rd8+ Kg7 38. f3 Rf5 39. Ng4 Rd5 40. Ra8 Nc6 41. Nf2 f5 42. Ra6 Rc5 43. Nd3 Rc3 44. Nf4 g5 45. Ne6+ Kg8 46. h4 gxh4 47. Kh3 b4 48. Kxh4 Ne7 49. Rxa5 Rxb3 50. Nd4 Rb2 51. Kg3 b3 52. Nxf5 Nxf5+ 53. Rxf5 Rc2 54. Rb5 b2 55. Kh3 Kf7 56. g4 Ke6 57. Kh4 Rh2+ 58. Kg3 Rc2 59. Kh4 Rh2+ 60. Kg3 Rc2 61. Kh4 1/2-1/2


[Site "https://www.chess.com"]

[Event "Titled Tuesday Blitz July 25 Early 2023"]
[White "Seemann, Jakub"]
[Black "Tsaruk, Maksim"]
[WhiteFideId "21874697"]
[BlackFideId "13511173"]
[WhiteElo "2670"]
[BlackElo "2783"]
[Result "0-1"]
[Round "10"]
[TimeControl "180+2"]
[Date "2023.07.25"]
[WhiteClock "0:00:00"]
[BlackClock "0:00:04"]
[Board "32"]

1. e4 d5 2. exd5 Qxd5 3. Nc3 Qa5 4. Nf3 Nf6 5. g3 Bg4 6. Bg2 Nc6 7. O-O e5 8. h3 Bxf3 9. Bxf3 Bc5 10. a3 O-O 11. d3 Bd4 12. Bg5 e4 13. Bxf6 exf3 14. Bxd4 Nxd4 15. Ne4 Rae8 16. Kh2 Qh5 17. c3 Ne2 18. Qd2 Re5 19. Rae1 Rfe8 20. g4 Qh4 21. Rxe2 fxe2 22. Qxe2 f5 23. gxf5 Qf4+ 24. Kg2 Qxf5 25. f4 R5e6 26. Kh2 h6 27. Qg4 Rf8 28. b4 b6 29. a4 Rg6 30. Qxf5 Rxf5 31. d4 Re6 32. Ng3 Rf7 33. Rf3 Re1 34. f5 Rfe7 35. f6 Rf7 36. Nh5 g6 37. Ng3 Re6 38. d5 Rexf6 39. Re3 Rf2+ 40. Kg1 R2f3 41. Re8+ Rf8 42. Rxf8+ Kxf8 43. Ne4 Re3 44. Nf6 Rxc3 45. Kf2 Rxh3 46. Nd7+ Ke7 47. Nb8 Kd6 48. Nc6 Kxd5 49. Nxa7 Rb3 50. a5 bxa5 51. bxa5 Rb7 52. Nc8 Rb8 0-1


[Site "https://www.chess.com"]

[Event "Titled Tuesday Blitz July 25 Early 2023"]
[White "Pakleza, Zbigniew"]
[Black "Martic, Ivan"]
[WhiteFideId "1119290"]
[BlackFideId "929301"]
[WhiteElo "2781"]
[BlackElo "2652"]
[Result "1-0"]
[Round "10"]
[TimeControl "180+2"]
[Date "2023.07.25"]
[WhiteClock "0:00:49"]
[BlackClock "0:00:52"]
[Board "33"]

1. d4 d5 2. Nf3 Nf6 3. Bf4 c5 4. c3 Nc6 5. Nbd2 cxd4 6. cxd4 Qb6 7. e3 Bf5 8. Qb3 Qxb3 9. Nxb3 e6 10. Bb5 Bb4+ 11. Ke2 O-O 12. Bxc6 bxc6 13. Rhc1 Rfc8 14. Ne5 Nh5 15. Nxc6 Nxf4+ 16. exf4 Bd6 17. g3 h5 18. Rc3 f6 19. Rac1 Re8 20. h4 Kh7 21. Nba5 Kh6 22. b4 g5 23. hxg5+ fxg5 24. fxg5+ Kxg5 25. Nb7 Bf8 26. Nc5 Bg4+ 27. Ke3 Kf6 28. Nd7+ Kg6 29. Nce5+ Kh7 30. Nf6+ Kh6 31. Nxe8 Rxe8 32. Nxg4+ hxg4 33. Rc8 Rxc8 34. Rxc8 Bxb4 35. Rc6 Kg5 36. Rxe6 Ba3 37. Re5+ Kf6 38. Rxd5 Bc1+ 39. Ke4 1-0


[Site "https://www.chess.com"]

[Event "Titled Tuesday Blitz July 25 Early 2023"]
[White "Yaran, Siar"]
[Black "Nazari, Arad"]
[WhiteFideId "6323006"]
[BlackFideId "12577324"]
[WhiteElo "2633"]
[BlackElo "2775"]
[Result "1-0"]
[Round "10"]
[TimeControl "180+2"]
[Date "2023.07.25"]
[WhiteClock "0:00:13"]
[BlackClock "0:00:04"]
[Board "34"]

1. d4 Nf6 2. c4 g6 3. Nc3 d5 4. cxd5 Nxd5 5. e4 Nxc3 6. bxc3 Bg7 7. Be3 O-O 8. Qd2 c5 9. Rc1 Qa5 10. Nf3 Rd8 11. d5 e6 12. c4 Qxd2+ 13. Nxd2 b6 14. Rc2 Na6 15. a3 Bd7 16. Bd3 Ba4 17. Ra2 Rac8 18. Ke2 Nb8 19. f4 Nd7 20. e5 Nb8 21. Be4 f6 22. exf6 Bxf6 23. dxe6 Nc6 24. Bd5 Ne7 25. Ne4 Bg7 26. Rd2 Nxd5 27. cxd5 Bb3 28. Rhd1 Bxd1+ 29. Rxd1 Bf8 30. d6 Rc6 31. Nf6+ Kg7 32. e7 Rdc8 33. e8=Q Rxe8 34. Nxe8+ Kf7 35. d7 Be7 36. d8=Q Bxd8 37. Rxd8 c4 38. Kf3 c3 39. Bc1 c2 40. Rd3 Kxe8 41. Ke3 Rc4 42. g3 h5 43. Kd2 h4 44. Rc3 Rd4+ 45. Kxc2 hxg3 46. hxg3 Rd6 47. Be3 a5 48. a4 Re6 49. Kd3 Kd7 50. Rc4 Kd8 51. g4 Kd7 52. Bd4 Kd6 53. Bxb6 Kd5 54. Be3 Re8 55. Rc5+ Kd6 56. Rxa5 Rb8 57. Rb5 Ra8 58. Rb4 Kc6 59. Bd4 Kd5 60. Rb5+ Kc6 61. Rc5+ Kd6 62. a5 Rb8 63. Rg5 Rb3+ 64. Ke4 Ra3 65. Rxg6+ Kd7 66. a6 Ke8 67. a7 Kf7 68. Rh6 Ra2 69. Rh8 1-0


[Site "https://www.chess.com"]

[Event "Titled Tuesday Blitz July 25 Early 2023"]
[White "Tristan, Leonardo"]
[Black "Zavgorodniy, Sergiy"]
[WhiteFideId "113816"]
[BlackFideId "14110148"]
[WhiteElo "2768"]
[BlackElo "2593"]
[Result "0-1"]
[Round "10"]
[TimeControl "180+2"]
[Date "2023.07.25"]
[WhiteClock "0:00:00"]
[BlackClock "0:00:35"]
[Board "35"]

1. d4 Nf6 2. Nf3 d6 3. Nc3 Nbd7 4. e4 e5 5. Bc4 Be7 6. O-O exd4 7. Nxd4 O-O 8. Re1 Re8 9. a4 Ne5 10. Bf1 c6 11. a5 Qc7 12. f4 Ng6 13. Nf5 Bf8 14. Ng3 Rb8 15. Be3 b5 16. axb6 axb6 17. Kh1 b5 18. Bd3 Ng4 19. Bg1 Nxf4 20. Nf5 Bxf5 21. exf5 Rxe1 22. Qxe1 Nxd3 23. cxd3 b4 24. Ne4 d5 25. Ng5 h6 26. Nf3 c5 27. Ra6 Nf6 28. Qh4 Re8 29. h3 Qd7 30. Bh2 Qxf5 31. Qg3 c4 32. dxc4 dxc4 33. Rc6 Ne4 34. Qe1 c3 35. bxc3 bxc3 36. Bg1 Qd5 37. Rc7 Bd6 38. Ra7 Ng3+ 39. Qxg3 Bxg3 40. Ra5 Qxa5 0-1


[Site "https://www.chess.com"]

[Event "Titled Tuesday Blitz July 25 Early 2023"]
[White "vishwa_vijeta"]
[Black "Rozman, Levy"]
[BlackFideId "2039877"]
[WhiteElo "2589"]
[BlackElo "2763"]
[Result "0-1"]
[Round "10"]
[TimeControl "180+2"]
[Date "2023.07.25"]
[WhiteClock "0:00:01"]
[BlackClock "0:00:02"]
[Board "36"]

1. e4 c6 2. d4 d5 3. Nd2 dxe4 4. Nxe4 Bf5 5. Ng3 Bg6 6. h4 h6 7. Nf3 Nd7 8. h5 Bh7 9. Bd3 Bxd3 10. Qxd3 e6 11. Bd2 Ngf6 12. O-O-O Be7 13. Kb1 O-O 14. Ne4 Nxe4 15. Qxe4 Nf6 16. Qe2 Qd5 17. Ne5 Qe4 18. Qxe4 Nxe4 19. Be1 Rfd8 20. f3 Nd6 21. Bf2 a5 22. g4 a4 23. Rhe1 a3 24. b3 Nb5 25. Rd3 Bb4 26. Rc1 Nc3+ 27. Ka1 Ne2 28. Rcd1 Rd5 29. c4 Rd6 30. Be1 Bxe1 31. Rxe1 Nxd4 32. Red1 c5 33. Kb1 Rad8 34. f4 b6 35. R3d2 Kf8 36. g5 Ke7 37. g6 fxg6 38. Nxg6+ Kf6 39. Ne5 Nf5 40. Rxd6 Rxd6 41. Rxd6 Nxd6 42. Nd7+ Kf5 43. Nxb6 Kxf4 44. Nd7 Ne4 45. Kc2 e5 46. b4 cxb4 47. c5 Kg5 48. c6 Nd6 49. Nxe5 Kxh5 50. c7 Nc8 51. Kb3 g5 52. Kxb4 g4 53. Kc5 g3 54. Nf3 g2 55. Kc6 Kg4 56. Ng1 h5 57. Kb7 Ne7 58. Kb6 h4 59. Kc5 h3 60. Kd6 Nc8+ 61. Kc6 h2 62. Kd7 Na7 63. Ne2 g1=Q 64. Nd4 Qxd4+ 65. Ke7 h1=B 0-1


[Site "https://www.chess.com"]

[Event "Titled Tuesday Blitz July 25 Early 2023"]
[White "Garv Gaur"]
[Black "Schnaider, Ilan"]
[WhiteFideId "45030839"]
[BlackFideId "169013"]
[WhiteElo "2578"]
[BlackElo "2759"]
[Result "0-1"]
[Round "10"]
[TimeControl "180+2"]
[Date "2023.07.25"]
[WhiteClock "0:01:11"]
[BlackClock "0:01:36"]
[Board "37"]

1. Nf3 Nf6 2. e3 d5 3. b3 c5 4. Bb2 Nc6 5. Bb5 Qc7 6. O-O e6 7. d3 Bd7 8. Nbd2 Bd6 9. Qe2 a6 10. Bxc6 Bxc6 11. e4 Nd7 12. Rfe1 O-O 13. e5 Be7 14. c3 h6 15. d4 cxd4 16. cxd4 Bb5 17. Qe3 Qc2 18. Rab1 Rac8 19. Rec1 Qf5 20. Ne1 Bg5 21. f4 Bxf4 22. Qf2 Bxh2+ 0-1


[Site "https://www.chess.com"]

[Event "Titled Tuesday Blitz July 25 Early 2023"]
[White "Fantastic_Power"]
[Black "Andreev, Konstantin"]
[BlackFideId "24239305"]
[WhiteElo "2750"]
[BlackElo "2559"]
[Result "1-0"]
[Round "10"]
[TimeControl "180+2"]
[Date "2023.07.25"]
[WhiteClock "0:00:18"]
[BlackClock "0:00:00"]
[Board "38"]

1. e4 c5 2. Nf3 e6 3. c3 d5 4. e5 d4 5. Bd3 Bd7 6. O-O Bc6 7. b4 dxc3 8. dxc3 cxb4 9. Qe2 Nd7 10. Rd1 h6 11. Nd4 Ba4 12. Rd2 Bc5 13. Bb2 Ne7 14. Qe4 Qc7 15. cxb4 Bxb4 16. Nxe6 Qb6 17. Nxg7+ Kf8 18. Nc3 Bc6 19. Qf4 Rg8 20. Be4 Bxe4 21. Rxd7 Bc6 22. Ne6+ Ke8 23. Nc7+ Kxd7 24. e6+ fxe6 25. Rd1+ Kc8 26. Nxa8 Bxg2 27. Nxb6+ axb6 28. Rd3 1-0


[Site "https://www.chess.com"]